 Seeded DCSS version 0.30-a0-722-g3e6e8c874d (webtiles) character file.

Game seed: 13178286030542442824 (custom seed)

13 zeratav the Slasher (level 2, -3/16 HPs)
             Began as a Vine Stalker Monk on Jan 28, 2023.
             Slain by a hobgoblin (4 damage)
             ... on level 1 of the Dungeon.
             The game lasted 00:00:20 (72 turns).

zeratav the Slasher (Vine Stalker Monk)               Turns: 72, Time: 00:00:20

Health: -3/16      AC:  2    Str: 13    XL:     2   Next: 37%
Magic:  0/3        EV: 12    Int: 10    God:
Gold:   27         SH:  0    Dex: 16    Spells: 1/1 levels left

rFire   . . .      SeeInvis .    a - +0 falchion {long}
rCold   . . .      Faith    .    (no shield)
rNeg    . . .      Spirit   +    b - +0 robe
rPois   .          Reflect  .    (no helmet)
rElec   .          Harm     .    (no cloak)
rCorr   .          Rampage  .    (no gloves)
Will    .....                    (no boots)
Stlth   ++                       (no amulet)
HPRegen 0.22/turn                (no ring)
MPRegen 0.08/turn                (no ring)

@: no status effects
A: fangs 2, magic shield, antimagic bite, no potion heal 2
a: no special abilities


You were on level 1 of the Dungeon.
You visited 1 branch of the dungeon, and saw 1 of its levels.

You collected 27 gold pieces.


Innate Abilities, Weirdness & Mutations

You have extremely sharp teeth.
When hurt, damage is shared between your health and your magic reserves.
Your bite disrupts and absorbs the magic of your enemies.
Potions cannot restore your health.


   Skills:
 - Level 2.6 Fighting
 + Level 3.4 Long Blades
 - Level 2.4 Dodging
 - Level 2.4 Stealth


You had one spell level left.
You didn't know any spells.
Your spell library was empty.

Inventory:

Hand Weapons
 a - a +0 falchion (weapon) {long}
Armour
 b - a +0 robe (worn)
Scrolls
 d - a scroll of summoning {unknown}
Potions
 c - a potion of ambrosia
 e - a potion of flight {unknown}

Dungeon Overview and Level Annotations

Branches:
Dungeon (1/15) Zot: 5922

Altars:

....... ..
#....##.##
##..>.#...####
.............
#..#...# #.....#
#..####
#.†#########
#..g@r......
##.#########
#........
#.######.#######
#........##
..........# #
.#.....#..#
#.##8###8##.#
.........#..#


You could see a hobgoblin and a rat.


Message History

2 jackals come into view.
A goblin comes into view. It is wielding a +0 club.
The jackal barks! x2; The hobgoblin shouts!
HP[+1]
You closely miss the jackal. You bite the jackal, but do no damage.
The jackal completely misses you.
A rat comes into view.
You hit the jackal.
You kill the jackal!
The jackal bites you.
HP[-1]
You take 1 damage, and now have 12/16 hp.
You slash the jackal!
You kill the jackal!
The jackal bites you but does no damage.
The jackal bites you.
HP[-3]
You take 3 damage, and now have 9/16 hp.
You barely miss the hobgoblin. The jackal misses you.
The hobgoblin barely misses you. The jackal misses you.
HP[+1] MP[+1]
Your mp is fully restored (3).
You barely miss the hobgoblin. You bite the hobgoblin. You drain its power.
The jackal bites you.
* * * LOW HITPOINT WARNING * * *
The hobgoblin barely misses you.
You are too injured to fight recklessly!
HP[-2] MP[-1]
You take 2 damage, and now have 8/16 hp.
You lost 1 mp, and now have 2/3 mp.
You are too injured to fight recklessly!
You are too injured to fight recklessly!
You are too injured to fight recklessly!
You are too injured to fight recklessly!
You are too injured to fight recklessly!
You are too injured to fight recklessly!
You are too injured to fight recklessly!
You are too injured to fight recklessly!
You are too injured to fight recklessly!
You are too injured to fight recklessly!
You are too injured to fight recklessly!
You are too injured to fight recklessly!
You are too injured to fight recklessly!
You are too injured to fight recklessly!
You are too injured to fight recklessly!
You are too injured to fight recklessly!
You are too injured to fight recklessly!
The hobgoblin attacks as you move away! The hobgoblin closely misses you.
The jackal bites you.
* * * LOW HITPOINT WARNING * * *
HP[-2] MP[-1]
You take 2 damage, and now have 6/16 hp.
You lost 1 mp, and now have 1/3 mp.
Things that are here:
a jackal corpse; a jackal corpse The jackal attacks as you move away!
The jackal closely misses you.
You see here a jackal corpse.
HP[+1]
The jackal barely misses you.
You are too injured to fight recklessly!
You hit the jackal. The jackal bites you.
MP[-1]
You lost 1 mp, and now have 0/3 mp.
You hit the jackal.
You kill the jackal!
You slash the goblin!
You kill the goblin!
HP[+1]
You barely miss the rat. The rat bites you.
* * * LOW HITPOINT WARNING * * *
The rat bites you.
* * * LOW HITPOINT WARNING * * *
A rat comes into view.
HP[-6]
You take 6 damage, and now have 2/16 hp.
MASSIVE DAMAGE!! (PAUSE)
You closely miss the rat. You bite the rat. You drain its power.
You feel invigorated. The rat bites you but does no damage.
MP[+1]
You closely miss the rat. The rat bites you but does no damage.
You closely miss the rat. The rat bites you.
* * * LOW HITPOINT WARNING * * *
You hit the rat.
You kill the rat!
MP[+1]
You hit the hobgoblin but do no damage. The hobgoblin closely misses you.
You completely miss the hobgoblin. The hobgoblin barely misses you.
You closely miss the hobgoblin. The hobgoblin barely misses you.
The rat barely misses you.
HP[+1]
You barely miss the hobgoblin. You bite the hobgoblin. You drain its power.
You feel invigorated. The rat barely misses you. The hobgoblin hits you.
* * * LOW HITPOINT WARNING * * *
The hobgoblin hits you. The rat bites you.
HP[-2] MP[-2]
You take 2 damage, and now have 1/16 hp.
You lost 2 mp, and now have 0/3 mp.
You barely miss the hobgoblin. Your bite misses the hobgoblin.
The rat closely misses you. The hobgoblin hits you.
You die...

Skill      XL: |  1 |
---------------+----+-----
Long Blades    | 3 |  3.4
Fighting       | |  2.6
Dodging        | |  2.4
Stealth        | |  2.4

Action                     || total
---------------------------++-------
  Melee: Falchion          ||    28
         Bite              ||     6
 Armour: Robe              ||     7
  Dodge: Dodged            ||    21

Levels and vault maps discovered:
D:1:      scummos_arrival_simple_crosswalls, layout_loops_ring

Notes
Turn   | Place    | Note
-------+----------+-------------------------------------------
     0 | D:1      | zeratav the Vine Stalker Monk began the quest for the Orb.
     0 | D:1      | Reached XP level 1. HP: 11/11 MP: 2/2
     0 | D:1      | magus.rc [v1.9.6]
    31 | D:1      | Reached skill level 3 in Long Blades
    34 | D:1      | Reached XP level 2. HP: 9/16 MP: 1/3
    63 | D:1      | HP: 2/16 [rat (3)]
    71 | D:1      | HP: 1/16 [hobgoblin (2)]
    72 | D:1      | Slain by a hobgoblin

Vanquished Creatures
  A ball python (D:1)
  A goblin (D:1)
  7 jackals (D:1)
  A rat (D:1)
10 creatures vanquished.

Table legend:
 A = Non-vault XP
 B = Vault XP
 C = Vault XP percentage of total XP
 D = Non-vault monster count
 E = Vault monster count
 F = Vault count percentage of total count
                 A         B        C        D         E       F
            +---------+---------+-------+---------+---------+-------
      Total |      19 |       0 |   0.0 |      10 |       0 |   0.0
            +---------+---------+-------+---------+---------+-------
        D:1 |      19 |       0 |   0.0 |      10 |       0 |   0.0
            +---------+---------+-------+---------+---------+-------

Illustrated notes

Table legend:
 A = Kills in this place as a percentage of kills in entire the game.
 B = Kills by you in this place as a percentage of kills by you in the entire game.
 C = Kills by friends in this place as a percentage of kills by friends in the entire game.
 D = Other kills in this place as a percentage of other kills in the entire game.
 E = Experience gained in this place as a percentage of experience gained in the entire game.
 F = Experience gained in this place divided by the number of levels of this place that you have seen.
                   A       B       C       D       E      F
               +-------+-------+-------+-------+-------+----------------------
         Total | 100.0 | 100.0 |   N/A |   N/A | 100.0 |  19.0
       Dungeon | 100.0 | 100.0 |   N/A |   N/A | 100.0 |  19.0
               +-------+-------+-------+-------+-------+----------------------

Table legend: (Time is in decaauts)
 A = Elapsed time spent in this place.
 B = Non-inter-level travel time spent in this place.
 C = Inter-level travel time spent in this place.
 D = Time resting spent in this place.
 E = Time spent auto-exploring this place.
 F = Levels seen in this place.
 G = Mean time per level.
                   A        B        C        D        E       F      G
               +--------+--------+--------+--------+--------+-----+--------+
         Total |     76 |     76 |      0 |      0 |     32 |   1 |   76.0 |
       Dungeon |     76 |     76 |      0 |      0 |     32 |   1 |   76.0 |
               +--------+--------+--------+--------+--------+-----+--------+

Top non-repeatable levels by time:
     D:1: 76 daAuts
